 Dungeon Sprint DCSS version 0.24.0-125-gc4c63601f3 (webtiles) character file.

Game seed: 14622336119374293774, levelgen mode: deterministic

3300000 Groucho the Intangible (level 21, -8/142 HPs)
             Began as a Spriggan Wanderer on Mar 9, 2020.
             Engulfed by a cloud of flame (13 damage)
             ... in the Dungeon (Sprint VIII: "Arena of Blood").
             The game lasted 00:02:10 (33 turns).

Groucho the Intangible (Spriggan Wanderer)            Turns: 33, Time: 00:02:10

Health: -8/142     AC:  4    Str:  6    XL:     21   Next: 72%
Magic:  22/51      EV: 44    Int: 16    God:
Gold:   0          SH:  0    Dex: 25    Spells: 71/71 levels left

rFire    . . .     SeeInvis +   k - +∞ Axe of Woe
rCold    . . .     Gourm    .   (shield currently unavailable)
rNeg     . . .     Faith    .   d - +0 robe
rPois    .         Spirit   .   (helmet restricted)
rElec    .         Reflect  .   (no cloak)
rCorr    .         Harm     .   (gloves unavailable)
MR       +++..     NoTele   +   (boots unavailable)
Stlth    +++++++++.             (no amulet)
HPRegen  0.33/turn              (no ring)
MPRegen  0.32/turn              (no ring)

@: very quick
A: very small, unfitting armour, see invisible, herbivore, speed 3, slow
metabolism 2
a: no special abilities


You were in the Dungeon.
You were not hungry.

You visited 1 branch

Inventory:

Hand Weapons
 a - a +2 falchion
 b - a +0 quarterstaff
 k - the +∞ Axe of Woe (weapon)
   (You found it in the Dungeon)
Armour
 d - a +0 robe (worn)
Scrolls
 j - a scroll of blinking
Potions
 c - 2 potions of curing
 e - a potion of heal wounds
 g - a potion of haste
 h - 2 potions of magic
 i - a potion of berserk rage
Comestibles
 f - a ration


   Skills:
 O Level 27 Fighting
 + Level 19.6 Long Blades
 O Level 27 Axes
   Level 1.3(20.3) Maces & Flails
 + Level 18.2 Staves
 + Level 22.4 Throwing
 O Level 27 Armour
 O Level 27 Dodging
 O Level 27 Stealth
 + Level 19.5 Unarmed Combat
 + Level 25.8 Spellcasting
   Level 1.3 Evocations


You had 71 spell levels left.
You didn't know any spells.
Your spell library was empty.

Dungeon Overview and Level Annotations

Branches:
Dungeon (1/1)

Altars:
Makhleb


Innate Abilities, Weirdness & Mutations

You are very small and have problems with some larger weapons.
You are too small for most types of armour.
You have supernaturally acute eyesight. (SInv)
You are a herbivore.
You cover ground extremely quickly.
You need to consume almost no food.


Message History

The destroyer blinks!
You hear a shout!
The meat berserker is engulfed in blazing flames.
You hear a shout!
A destroyer comes into view.
It is wielding a +9 great sword of slicing.
The destroyer shouts!
You hit the meat berserker.
You hew the meat berserker savagely.
You kill the meat berserker!
Your Long Blades skill gained 2 levels and is now at level 19!
Your Staves skill increases to level 17!
Your Throwing skill increases to level 21!
Your Unarmed Combat skill increases to level 18!
Your Spellcasting skill gained 2 levels and is now at level 25!
You slash the bag of meat!
You butcher the bag of meat messily.
You kill the bag of meat!
Your Staves skill increases to level 18!
Your Throwing skill increases to level 22!
Your Unarmed Combat skill increases to level 19!
You are engulfed in blazing flames.
You die...

.. .. #. .# #..
O.# .###..
..###.
......###.§....
.....§§..O.
#.☼§§§# #_§@☼_#
#V)§§§#
.V..o_.....
......###......
.###.o ..###.
#.. ..# #o .#
.V ..


You could see 3 destroyers, a large bag of meat (inner flame), a meat berserker
(berserk) and 3 bags of meat.

Vanquished Creatures
  A vampire knight (D)
  7 ogres (D)
  2 two-headed ogres (D)
  15 orcs (D)
25 creatures vanquished.

Notes
Turn   | Place    | Note
-------+----------+-------------------------------------------
     0 | D        | Found the +∞ Axe of Woe
     0 | D        | Groucho the Spriggan Wanderer began the quest for the Orb.
     0 | D        | Groucho set off with the following items: a +2 falchion, a
                  | +0 quarterstaff, 2 potions of curing, a +0 robe, a potion
                  | of heal wounds, a ration, a potion of haste, 2 potions of
                  | magic, a potion of berserk rage, a scroll of blinking
     0 | D        | Reached XP level 1. HP: 11/11 MP: 3/3
     0 | D        | Noticed a bag of meat
     0 | D        | Noticed a meat berserker
     2 | D        | Noticed a bag of meat
     3 | D        | Noticed a bag of meat
     3 | D        | Noticed a bag of meat
     3 | D        | Noticed a bag of meat
     4 | D        | Killed a bag of meat
     4 | D        | Reached XP level 2. HP: 16/16 MP: 4/4
     4 | D        | Reached XP level 3. HP: 19/19 MP: 5/5
     4 | D        | Reached XP level 4. HP: 23/23 MP: 6/6
     4 | D        | Reached XP level 5. HP: 27/27 MP: 7/7
     4 | D        | Reached XP level 6. HP: 32/32 MP: 8/8
     4 | D        | Reached XP level 7. HP: 35/35 MP: 9/9
     4 | D        | Reached XP level 8. HP: 39/39 MP: 10/10
     4 | D        | Reached XP level 9. HP: 43/43 MP: 11/11
     4 | D        | Reached XP level 10. HP: 47/47 MP: 12/12
     4 | D        | Reached XP level 11. HP: 51/51 MP: 13/13
     4 | D        | Noticed a bag of meat
     4 | D        | Noticed a bag of meat
     4 | D        | Noticed a bag of meat
     5 | D        | Killed a meat berserker
     5 | D        | Reached skill level 27 in Dodging
     5 | D        | Reached XP level 12. HP: 56/56 MP: 14/14
     5 | D        | Reached XP level 13. HP: 59/59 MP: 15/15
     5 | D        | Killed a bag of meat
     5 | D        | Reached XP level 14. HP: 63/63 MP: 16/16
     7 | D        | Noticed a meat berserker
     9 | D        | Noticed a bag of meat
    10 | D        | Killed a bag of meat
    10 | D        | Reached skill level 27 in Axes
    10 | D        | Killed a bag of meat
    10 | D        | Reached XP level 15. HP: 80/80 MP: 17/17
    10 | D        | Noticed a meat berserker
    11 | D        | Reached skill level 15 in Fighting
    12 | D        | Killed a meat berserker
    12 | D        | Reached XP level 16. HP: 101/101 MP: 18/18
    12 | D        | Reached XP level 17. HP: 110/110 MP: 19/19
    14 | D        | Noticed a meat berserker
    15 | D        | Noticed a meat berserker
    16 | D        | Killed a meat berserker
    17 | D        | Reached XP level 18. HP: 123/123 MP: 20/20
    19 | D        | Killed a meat berserker
    19 | D        | Reached skill level 27 in Fighting
    21 | D        | Killed a meat berserker
    21 | D        | Reached skill level 27 in Armour
    21 | D        | Reached skill level 10 in Spellcasting
    21 | D        | Reached XP level 19. HP: 132/132 MP: 20/34
    23 | D        | Noticed a large bag of meat
    23 | D        | Noticed a destroyer
    24 | D        | Noticed a meat berserker
    26 | D        | Noticed a large bag of meat
    26 | D        | Killed a large bag of meat
    26 | D        | Reached skill level 10 in Long Blades
    26 | D        | Reached skill level 10 in Unarmed Combat
    27 | D        | Noticed a destroyer
    27 | D        | Reached skill level 10 in Staves
    27 | D        | Reached skill level 15 in Spellcasting
    27 | D        | Noticed a meat berserker
    29 | D        | Killed a large bag of meat
    29 | D        | Reached skill level 15 in Throwing
    29 | D        | Reached XP level 20. HP: 64/137 MP: 21/42
    29 | D        | Noticed a destroyer
    30 | D        | Killed a meat berserker
    30 | D        | Reached skill level 15 in Long Blades
    30 | D        | Reached skill level 15 in Unarmed Combat
    30 | D        | Noticed a meat berserker
    30 | D        | Noticed a large bag of meat
    32 | D        | Killed a destroyer
    32 | D        | Reached skill level 15 in Staves
    32 | D        | Reached skill level 27 in Stealth
    32 | D        | Reached XP level 21. HP: 23/142 MP: 22/48
    32 | D        | HP: 4/142 [something (19)]
    33 | D        | Noticed a destroyer
    33 | D        | Engulfed by a cloud of flame

Levels and vault maps discovered:
D:        meatsprint

Skill      XL: |  1  2  3  4  5  6  7  8  9 10 11 12 13 14 15 16 17 18 19 20 21 |
---------------+----------------------------------------------------------------+-----
Axes           | 16 23 25 27 | 27.0
Dodging        | 25 27 | 27.0
Fighting       | 9 18 21 25 27 | 27.0
Armour         | 8 17 19 23 27 | 27.0
Long Blades    | 7 13 17 19 | 19.6
Staves         | 6 12 15 18 | 18.2
Throwing       | 8 15 19 22 | 22.4
Stealth        | 12 21 27 | 27.0
Unarmed Combat | 7 13 17 19 | 19.5
Spellcasting   | 10 17 22 25 | 25.8
Maces & Flails | |  1.3
Evocations     | |  1.3

Action                   |  1- 3 |  4- 6 |  7- 9 | 10-12 | 13-15 | 16-18 | 19-21 || total
-------------------------+-------+-------+-------+-------+-------+-------+-------++-------
Melee: Broad axe         |     1 |       |       |     1 |     3 |     4 |     6 ||    15
